 Dungeon Crawl Stone Soup version 0.28-a0-178-ga708605c5b (webtiles) character file.

Game seed: 12961478258117565053

3745 frimble the Carver (level 9, -6/82 HPs)
             Began as a Minotaur Warper on Aug 17, 2021.
             Mangled by a red ugly thing (19 damage)
             ... on level 7 of the Dungeon.
             The game lasted 00:08:48 (6773 turns).

frimble the Carver (Minotaur Warper)                Turns: 6773, Time: 00:08:49

Health: -6/82      AC: 10    Str: 16    XL:     9   Next: 93%
Magic:  6/10       EV: 18    Int: 12    God:
Gold:   316        SH:  0    Dex: 13    Spells: 8/10 levels left

rFire   . . .      SeeInvis .   b - +4 scimitar (protect)
rCold   . . .      Faith    .   (no shield)
rNeg    . . .      Spirit   .   E - +0 leather armour
rPois   .          Reflect  .   (helmet restricted)
rElec   .          Harm     .   v - +0 cloak
rCorr   .          Rampage  .   e - +0 pair of gloves
Will    .....      Clarity  +   m - +0 pair of boots
Stlth   ++........              i - amulet of regeneration
HPRegen 1.23/turn               o - +4 ring of evasion
MPRegen 0.12/turn               z - +4 ring of protection

@: no status effects
A: horns 2, retaliatory headbutt, claws 1, thin skeletal structure 1, clarity
a: no special abilities


You were on level 7 of the Dungeon.
You visited 1 branch of the dungeon, and saw 8 of its levels.

You collected 349 gold pieces.
You spent 33 gold pieces at shops.

Inventory:

Hand Weapons
 a - a +2 dagger of protection
 b - a +4 scimitar of protection (weapon)
Missiles
 d - 5 boomerangs of dispersal (quivered)
 p - 9 boomerangs
Armour
 e - a +0 pair of gloves (worn)
 m - a +0 pair of boots (worn)
 s - a +0 buckler
 v - a +0 cloak (worn)
 E - a +0 leather armour (worn)
Jewellery
 i - an amulet of regeneration (around neck)
 j - a ring of ice
 o - a +4 ring of evasion (left hand)
 u - an amulet of magic regeneration
 z - a +4 ring of protection (right hand)
Wands
 h - a wand of paralysis (7)
 y - a wand of flame (10)
 A - a wand of digging (4)
Scrolls
 c - 2 scrolls of blinking
 r - 2 scrolls of identify
 t - a scroll of teleportation
 x - 2 scrolls of fog
 D - 2 scrolls of magic mapping
Potions
 f - a potion of haste {unknown}
 g - 4 potions of might
 k - a potion of attraction
 l - a potion of heal wounds
 n - a potion of magic {unknown}
 q - a potion of flight {unknown}
 w - a potion of cancellation {unknown}
 B - a potion of degeneration {unknown}
 F - a potion of lignification {unknown}
 H - 4 potions of curing


   Skills:
 + Level 8.4 Fighting
 + Level 8.4 Long Blades
 - Level 6.0 Throwing
 - Level 1.2 Armour
 + Level 7.6 Dodging
 - Level 5.0 Shields
 - Level 1.4 Spellcasting
 + Level 2.3 Translocations
 + Level 3.0 Evocations


You had 8 spell levels left.
You knew the following spells:

 Your Spells              Type           Power      Damage    Failure   Level
a - Blink                 Tloc           N/A        N/A       21%         2

Your spell library contained the following spells:

 Spells                   Type           Power      Damage    Failure   Level
 Sandblast                Erth           0%         2d4       34%         1
 Gell's Gravitas          Tloc           3%         N/A       38%         3
 Lesser Beckoning         Tloc           3%         N/A       38%         3
 Teleport Other           Tloc           6%         N/A       38%         3
 Passwall                 Tmut/Erth      0%         N/A       47%         2
 Ignite Poison            Fire/Tmut/Pois 0%         N/A       71%         3
 Mephitic Cloud           Conj/Pois/Air  0%         N/A       71%         3
 Manifold Assault         Tloc           6%         N/A       98%         5
 Bolt of Magma            Conj/Fire/Erth 0%         4d4       100%        5
 Lee's Rapid Deconstruct  Erth           0%         3d5*      100%        5


Dungeon Overview and Level Annotations

Branches:
Dungeon (8/15)             Temple (0/1) D:5
   Lair: D:8-11

Altars:
Okawaru
Ru
Zin

Shops:
D:2 ?!   D:4 *   D:7 *(*   D:8 (*[*


Innate Abilities, Weirdness & Mutations

You have a pair of horns on your head.
You reflexively headbutt those who attack you in melee.
You have sharp fingernails.
You have a somewhat thin skeletal structure. (Dex +2, Stealth+)
You possess an exceptional clarity of mind.


Message History

The bullfrog barely misses you.
A cyclops comes into view.
The bullfrog closely misses you.
The shadow slips into darkness.
The shadow flickers and vanishes!
Deactivating autopickup; reactivate with Ctrl-A.
You completely miss something.
The cyclops shouts!
You hear an angry hiss.
The bullfrog hits you but does no damage.
The shadow strikes at you from the darkness!
Reactivating autopickup.
You slash the bullfrog!
You kill the bullfrog!
You closely miss the red ugly thing.
There is a stone staircase leading up here.
The red ugly thing misses you.
You climb upwards.
There is a stone staircase leading down here.
Casting: Blink (safe; 21% risk of failure)
Confirm with . or Enter, or press ? or * to list all spells.
You blink.
Casting: Blink (safe; 21% risk of failure)
Confirm with . or Enter, or press ? or * to list all spells.
You blink.
z - a +4 ring of protection (right hand)
You start putting on your armour.
You continue putting on your +0 buckler.
The red ugly thing barely misses you.
You riposte.
You barely miss the red ugly thing. You headbutt the red ugly thing!
The red ugly thing is lightly wounded.
You continue putting on your +0 buckler.
The red ugly thing trunk-slaps you!
Keep equipping yourself?
You are engulfed in flames!!
* * * LOW HITPOINT WARNING * * *
You continue putting on your +0 buckler.
The red ugly thing trunk-slaps you!
* * * LOW HITPOINT WARNING * * *
You are engulfed in flames!!
You die...

### ### #.## #.# #####
#..# #.## ####...# #..#
####... #.#....###..#
#.#..##
#.....u@##.∩######....#
##.....##.....##.##....#
#.>##..###.........###.##
#####[)[##........## ##.#
##.)[)..).....## #..
#.............## ##.
#.<....#...#...## ###.
#...####..####..###...
##..# #...# ##.......


You could see a red ugly thing.

Vanquished Creatures
  Pikel (D:5)
  Sigmund (D:2)
  A yak (D:8)
  2 orc warriors (D:8)
  An ice beast (D:8)
  A necrophage (D:5)
  2 centaurs
  2 phantoms
  A kobold brigand (D:8)
  A gnoll sergeant (D:5)
  3 scorpions
  7 bullfrogs
  A water moccasin zombie (D:6)
  2 wyvern skeletons (D:5)
  5 wights (D:6)
  An electric eel (D:8)
  2 bullfrog zombies
  2 centaur zombies (D:8)
  5 hounds
  2 centaur skeletons
  2 orc priests (D:4)
  3 jellies
  A bullfrog skeleton (D:5)
  A gnoll shaman (D:8)
  4 iguanas
  Ijyb (D:5)
  Terence (D:2)
  11 orc wizards
  4 gnolls (D:5)
  4 adders
  2 white imps
  2 worms
  3 dart slugs
  26 orcs
  5 bats
  3 endoplasms
  A giant cockroach (D:4)
  5 goblins
  4 hobgoblins
  A jackal (D:3)
  9 kobolds
  7 quokkas
  7 ball pythons
  5 frilled lizards
  6 rats
161 creatures vanquished.

Vanquished Creatures (others)
  A plant (D:8)
1 creature vanquished.

Grand Total: 162 creatures vanquished

Notes
Turn   | Place    | Note
-------+----------+-------------------------------------------
     0 | D:1      | frimble the Minotaur Warper began the quest for the Orb.
     0 | D:1      | Reached XP level 1. HP: 18/18 MP: 1/1
   338 | D:1      | Reached XP level 2. HP: 21/25 MP: 3/3
   792 | D:2      | Noticed Terence
   801 | D:2      | Killed Terence
   802 | D:2      | Reached XP level 3. HP: 26/31 MP: 4/4
   974 | D:2      | Found Kiablisch's Distillery.
  1012 | D:2      | Bought a potion of attraction for 33 gold pieces
  1135 | D:2      | Found a faded altar of an unknown god.
  1136 | D:2      | Noticed Sigmund
  1138 | D:2      | Noticed a floating eye
  1138 | D:2      | Noticed a floating eye
  1139 | D:2      | Noticed a great orb of eyes
  1139 | D:2      | Noticed a floating eye
  1140 | D:2      | Found Ekluetul's Magic Scroll Emporium.
  1148 | D:2      | Reached XP level 4. HP: 33/38 MP: 5/5
  1149 | D:2      | Gained mutation: You have a somewhat thin skeletal
                  | structure. (Dex +2, Stealth+) [potion of mutation]
  1149 | D:2      | Gained mutation: You have sharp fingernails. [potion of
                  | mutation]
  1149 | D:2      | Gained mutation: You possess an exceptional clarity of
                  | mind. [potion of mutation]
  1502 | D:3      | Learned a level 2 spell: Blink
  1880 | D:3      | Reached XP level 5. HP: 40/46 MP: 6/6
  2266 | D:4      | Found Oluappigre's Gadget Gallery.
  2488 | D:4      | Reached XP level 6. HP: 45/52 MP: 7/7
  3081 | D:5      | Entered Level 5 of the Dungeon
  3135 | D:4      | Reached skill level 5 in Long Blades
  3189 | D:5      | HP: 2/55 [orc wizard/magic dart (8)]
  3192 | D:5      | Reached skill level 5 in Fighting
  3192 | D:5      | Reached XP level 7. HP: 2/61 MP: 8/8
  3194 | D:5      | HP: 2/61 [poisoned by an orc]
  3445 | D:2      | Killed Sigmund
  3446 | D:2      | Reached skill level 5 in Dodging
  3659 | D:5      | Noticed Ijyb
  3699 | D:5      | Killed Ijyb
  3723 | D:5      | Noticed Pikel
  3764 | D:5      | Killed Pikel
  3765 | D:5      | Reached skill level 5 in Throwing
  3765 | D:5      | Reached XP level 8. HP: 70/71 MP: 9/9
  4052 | D:5      | Found an iron altar of Okawaru.
  4246 | D:5      | Found a staircase to the Ecumenical Temple.
  4266 | D:5      | Found a glowing silver altar of Zin.
  4742 | D:6      | Reached skill level 1 in Evocations
  4795 | D:6      | Reached XP level 9. HP: 76/79 MP: 10/10
  4903 | D:6      | Identified the +10 hunting sling of Darkness {flame, Contam
                  | *Corrode rF+ Dex+8}
  4976 | D:6      | Found a sacrificial altar of Ru.
  5294 | D:7      | Found Rakhlul's General Store.
  5388 | D:7      | Found Quxeilit's General Store.
  5819 | D:7      | Found Siuritt's Weapon Emporium.
  6482 | D:8      | Found Tyuwis Yce's Antique Weapon Emporium.
  6482 | D:8      | Found Ilaghunock's Assorted Antiques.
  6606 | D:8      | Reached skill level 1 in Shields
  6651 | D:8      | Found Noesehy's General Store.
  6652 | D:8      | Found Xoynket's Armour Shop.
  6744 | D:8      | Noticed a red ugly thing
  6751 | D:8      | Reached skill level 5 in Shields
  6756 | D:8      | Noticed a brown ugly thing
  6759 | D:8      | Noticed a cyclops
  6773 | D:7      | Mangled by a red ugly thing

Illustrated notes

Levels and vault maps discovered:
D:1:      minmay_arrival_four_loops, layout_loops_cross
D:2:      layout_basic, serial_shops, shop, shop,
          hellmonk_ecumenical_altar_watching_god,
          hangedman_abyss_or_decor_stabs, uniq_terence, uniq_sigmund
D:3:      minmay_recursive_quarters, layout_basic, grunt_ministairs_6
D:4:      layout_basic, nicolae_shop_gadgets
D:5:      layout_loops_ring, okawaru_altar_gauntlet_db, kennysheep_mini,
          minmay_temple_entry_statues_pillars, chequers_serial_rivers_micro_d,
          uniq_pikel, uniq_ijyb
D:6:      layout_loops_cross, nicolae_ru_path_of_blood
D:7:      layout_layer_cave, serial_shops, nicolae_lakefront_shop, shop_statue,
          shop
D:8:      nzn_winding_woodlands_stair_cross
          [nzn_winding_woodlands_5x15_concentric,
          nzn_winding_woodlands_center_lodge,
          nzn_winding_woodlands_5x15_longhouse,
          nzn_winding_woodlands_5x5_checkerboard,
          nzn_winding_woodlands_5x5_three, nzn_winding_woodlands_5x15_eye,
          nzn_winding_woodlands_center_pierced_h,
          nzn_winding_woodlands_5x15_crooked], layout_rooms, lair_entry_dummy,
          serial_bayou, serial_bayou_crossing, serial_bayou_shore_b,
          serial_bayou_pond_e, serial_bayou_pond_a, serial_shops, shop,
          shop_fountains, shop, shop, wad_rectangle_vault, uniq_maurice

Skill      XL: |  1  2  3  4  5  6  7  8  9 |
---------------+----------------------------+-----
Fighting       | 3 4 5 6 7 8 |  8.4
Long Blades    | 3 4 5 6 7 8 |  8.4
Dodging        | 3 4 5 6 7 |  7.6
Throwing       | 2 3 5 6 |  6.0
Evocations     | 1 3 |  3.0
Shields        | 5 |  5.0
Armour         | |  1.2
Spellcasting   | |  1.4
Translocations | |  2.3

Action                   |  1- 3 |  4- 6 |  7- 9 || total
-------------------------+-------+-------+-------++-------
Melee: Falchion          |    59 |   139 |       ||   198
       Headbutt          |     8 |    50 |    68 ||   126
       Dagger            |       |       |   184 ||   184
       Long sword        |       |       |    33 ||    33
       Scimitar          |       |       |   105 ||   105
 Cast: Blink             |       |       |     2 ||     2
Evoke: Wand              |       |       |     5 ||     5
  Use: Scroll            |     2 |     1 |     9 ||    12
       Potion            |     1 |     3 |       ||     4
 Stab: Sleeping          |       |     6 |     7 ||    13
       Distracted        |       |       |     1 ||     1
       Paralysed         |       |       |     3 ||     3
Armor: Leather armour    |    14 |    42 |    85 ||   141
Dodge: Dodged            |    40 |   105 |   259 ||   404
       Rpst.: Falchion   |     9 |    35 |       ||    44
       Long sword        |       |       |     6 ||     6
       Scimitar          |       |       |    27 ||    27

Table legend: (Time is in decaauts)
 A = Elapsed time spent in this place.
 B = Non-inter-level travel time spent in this place.
 C = Inter-level travel time spent in this place.
 D = Time resting spent in this place.
 E = Time spent auto-exploring this place.
 F = Levels seen in this place.
 G = Mean time per level.
                   A        B        C        D        E       F      G
               +--------+--------+--------+--------+--------+-----+--------+
         Total |   6772 |   6261 |    511 |      0 |   5107 |   8 |  846.5 |
       Dungeon |   6772 |   6261 |    511 |      0 |   5107 |   8 |  846.5 |
               +--------+--------+--------+--------+--------+-----+--------+

Top non-repeatable levels by time:
     D:7: 1209 daAuts
     D:4: 1106 daAuts
     D:5: 1032 daAuts
     D:3: 897 daAuts
     D:1: 867 daAuts
     D:2: 759 daAuts
     D:6: 616 daAuts
     D:8: 283 daAuts
